cohdb
Replays
Latest Replays
All Replays
Popular Replays
Top Player Replays
Match Explorer
How It Works
Community
CoH3 Stats
Reddit
Sign in to upload your games and track your stats! →
Sign in with Steam
Match 26299017
Unlisted
Match 26299017
Overview
Messages
Build Orders
End
Selects Airborne Battlegroup
Construct Barracks
Engineer Squad
Selects Heavy Machine Gun Paradrop
Heavy Machine Gun Paradrop
Mechanized Support Center
M1 Mortar Team
M1 Mortar Team
Heavy Machine Gun Paradrop
Selects Paratrooper Squad Paradrop
Selects Smoke Bombing Run
Paratrooper Squad Paradrop
Heavy Machine Gun Paradrop
Paratrooper Squad Paradrop
Construct Weapon Support Center
.30 cal Machine Gun
Bazooka Squad
M16 Multiple Gun Motor Carriage
AI Takeover
mando.t.v
gokyungho123
tankcn
st3nm4n
Joraad
RC
0
0
Comments
sign in to comment!
No comments posted yet!